 Dungeon Sprint DCSS version 0.23-a0-305-g7ffd15e (webtiles) character file.

442 Flooderbenga the Carver (level 7, -2/99 HPs)
             Began as a Barachi Berserker on Oct 9, 2018.
             Was a Believer of Trog.
             Slain by Sonja
             ... wielding a +1 short sword of distortion
              (20 damage)
             ... in the Dungeon (Sprint I: "Red Sonja").
             The game lasted 00:12:36 (819 turns).

Flooderbenga the Carver (Barachi Berserker)          Turns: 819, Time: 00:12:37

Health: -2/99      AC:  2    Str: 26    XL:     7   Next: 2%
Magic:  7/7        EV: 13    Int:  7    God:    Trog [**....]
Gold:   297        SH:  0    Dex: 11    Spells: 6/6 levels left

rFire    . . .     SeeInvis .   a - +0 falchion
rCold    . . .     Gourm    .   (no shield)
rNeg     . . .     Faith    .   b - +0 animal skin
rPois    .         Spirit   .   (no helmet)
rElec    .         Reflect  .   (no cloak)
rCorr    .         Harm     .   (no gloves)
MR       .....     NoTele   +   (no boots)
Stlth    ..........             k - amulet of the acrobat
HPRegen  0.26/turn              (no ring)
MPRegen  0.10/turn              (no ring)

@: berserking (expiring), lethally poisoned (-2 -> -3), slowed, slow
A: +LOS, swims, slowness 1, strong legs 1
a: Hop, Berserk, Trog's Hand, Renounce Religion


You were in the Dungeon.
You worshipped Trog.
Trog was pleased with you.
You were hungry.

You visited 1 branch You collected 297 gold pieces.

Inventory:

Hand Weapons
 a - a +0 falchion (weapon)
Armour
 b - a +0 animal skin (worn)
 j - a +0 scale mail
Jewellery
 k - an amulet of the acrobat (around neck)
Wands
 d - a wand of flame (34)
Scrolls
 i - a scroll of blinking {@r4}
Potions
 e - a potion of heal wounds {@q2}
 f - a potion of haste {@q3}
 g - 2 potions of magic
 h - a potion of berserk rage
 l - 2 potions of lignification {unknown}
 m - a potion of degeneration {unknown}
Comestibles
 c - 5 chunks of flesh


   Skills:
 + Level 10.1 Fighting
 * Level 13.3 Long Blades
 + Level 4.5 Armour
 + Level 4.1 Dodging


You had 6 spell levels left.
You didn't know any spells.
Your spell library was empty.

Dungeon Overview and Level Annotations

Branches:
Dungeon (1/1)

Altars:
Cheibriados
Dithmenos
Elyvilon
Fedhas
Gozag
Hepliaklqana
Kikubaaqudgha
Nemelex Xobeh
Okawaru
Qazlal
Ru
Sif Muna
Trog
Uskayaw
Vehumet
Wu Jian
Yredelemnul
Zin
The Shining One

Shops:
D :

Annotations:
D Sonja


Innate Abilities, Weirdness & Mutations

Shadows flee at your approach. (+LOS)
You can swim through water.
You cover ground slowly.
You can hop short distances.


Message History

You miss Sonja.
You feel sick. Sonja barely misses you. Sonja hits you but does no damage.
You feel a strange sense of stasis. Sonja closely misses you.
You take 1 damage, and have 57/99 hp.
You hit Sonja.
Sonja hits you with an uncursed short sword of distortion!
Space bends around you.
Sonja hits you with an uncursed short sword of distortion.
You feel a strange sense of stasis. Sonja barely misses you.
You take 13 damage, and have 44/99 hp.
You are too berserk!
You are too berserk!
You completely miss Sonja.
You feel sick.
Sonja hits you with an uncursed short sword of distortion.
Space warps horribly around you!
* * * LOW HITPOINT WARNING * * *
Sonja hits you with an uncursed short sword of distortion.
* * * LOW HITPOINT WARNING * * *
Space warps horribly around you!
You die...

################
#<.#..)..#.)'..#
#..'..#..'..#..+
#..#####'#####'#
#..####..#...#.#
#..#__####..##.#
#..#_____##'#_K+
#⌠⌠#_.∩...÷..@_#
####_..__##_(#+#
#_____###'#
####### #.# $.$
$.$ ##.## #+#


You could see Sonja.

Vanquished Creatures
  Sigmund (D)
  A yak (D)
  An ogre (D)
  A jelly (D)
  Ijyb (D)
5 creatures vanquished.

Vanquished Creatures (others)
  A gargoyle (D)
1 creature vanquished.

Grand Total: 6 creatures vanquished

Notes
Turn   | Place    | Note
-------+----------+-------------------------------------------
     0 | D        | Flooderbenga the Barachi Berserker began the quest for the
                  | Orb.
     0 | D        | Reached XP level 1. HP: 18/18 MP: 1/1
     1 | D        | Noticed Ijyb
    12 | D        | Killed Ijyb
    12 | D        | Reached skill level 5 in Fighting
    12 | D        | Reached skill level 6 in Long Blades
    12 | D        | Reached XP level 2. HP: 27/27 MP: 2/2
    12 | D        | Reached XP level 3. HP: 33/33 MP: 3/3
    54 | D        | Killed a gargoyle
    89 | D        | Noticed an ogre
    94 | D        | Killed an ogre
    94 | D        | Reached skill level 9 in Long Blades
    94 | D        | Reached XP level 4. HP: 36/43 MP: 4/4
   223 | D        | Noticed Sigmund
   233 | D        | Killed Sigmund
   233 | D        | Reached ** piety under Trog
   233 | D        | Reached skill level 12 in Long Blades
   233 | D        | Reached XP level 5. HP: 39/52 MP: 5/5
   233 | D        | Reached XP level 6. HP: 44/59 MP: 6/6
   425 | D        | Found an ornate altar of the Wu Jian Council.
   425 | D        | Found a deep blue altar of Sif Muna.
   427 | D        | Found a radiant altar of Vehumet.
   726 | D        | Found Humnis's Book Emporium.
   726 | D        | Found an ancient bone altar of Kikubaaqudgha.
   726 | D        | Found a hazy altar of Hepliaklqana.
   726 | D        | Found a hide-covered altar of Uskayaw.
   726 | D        | Found a basalt altar of Yredelemnul.
   726 | D        | Found an opulent altar of Gozag.
   726 | D        | Found a snail-covered altar of Cheibriados.
   726 | D        | Found a sacrificial altar of Ru.
   726 | D        | Found a shadowy altar of Dithmenos.
   726 | D        | Noticed a yak
   733 | D        | Killed a yak
   733 | D        | Reached skill level 10 in Fighting
   733 | D        | Reached skill level 13 in Long Blades
   733 | D        | Reached XP level 7. HP: 66/66 MP: 7/7
   734 | D        | Found a stormy altar of Qazlal.
   734 | D        | Found a blossoming altar of Fedhas.
   734 | D        | Found a bloodstained altar of Trog.
   734 | D        | Found an iron altar of Okawaru.
   734 | D        | Found a glowing golden altar of the Shining One.
   734 | D        | Found a glowing silver altar of Zin.
   734 | D        | Found a white marble altar of Elyvilon.
   737 | D        | Found a sparkling altar of Nemelex Xobeh.
   809 | D        | Noticed Sonja
   819 | D        | Slain by Sonja

Vault maps used:
D:        dungeon_sprint_1

Skill      XL: |  1  2  3  4  5  6 |
---------------+-------------------+-----
Fighting       | 5 7 9 10 | 10.1
Long Blades    | 6 9 12 13 | 13.3
Armour         | 4 |  4.5
Dodging        | 4 |  4.1

Action                   |  1- 3 |  4- 6 |  7- 9 || total
-------------------------+-------+-------+-------++-------
Melee: Falchion          |    12 |    22 |     6 ||    40
Invok: Berserk           |     2 |     3 |     1 ||     6
 Abil: Hop               |       |     3 |       ||     3
Evoke: Wand              |     1 |       |       ||     1
  Use: Potion            |       |       |     1 ||     1
  Eat: Ration            |       |     1 |       ||     1
       Chunk             |       |     1 |       ||     1
Dodge: Dodged            |     5 |     5 |    11 ||    21
       Rpst.: Falchion   |     1 |     2 |     1 ||     4

Table legend:
 A = Non-vault XP
 B = Vault XP
 C = Vault XP percentage of total XP
 D = Non-vault monster count
 E = Vault monster count
 F = Vault count percentage of total count
                 A         B        C        D         E       F
            +---------+---------+-------+---------+---------+-------
      Total |       0 |     632 | 100.0 |       0 |       5 | 100.0
            +---------+---------+-------+---------+---------+-------
          D |       0 |     632 | 100.0 |       0 |       5 | 100.0
            +---------+---------+-------+---------+---------+-------
